 Dungeon Crawl Stone Soup version 0.21-a0-110-g8e1637b (console) character file.

140179 removed the Fencer (level 16, -2/98 HPs)
             Began as a Deep Elf Fighter on July 6, 2017.
             Was a High Priest of Ru.
             Blown up by an orb spider (53 damage)
             ... with an orb of destruction
             ... on level 3 of the Spider Nest on July 7, 2017.
             The game lasted 02:09:33 (43008 turns).

removed the Fencer (Deep Elf Fighter)              Turns: 43008, Time: 02:09:34

Health: -2/98      AC: 12    Str: 17    XL:     16   Next: 75%
Magic:  31/34      EV: 26    Int: 16    God:    Ru [*****.]
Gold:   2608       SH:  0    Dex: 24    Spells: 20/25 levels left

rFire    + . .     SeeInvis .   W - +9 triple sword (slice)
rCold    + . .     Gourm    .   (shield currently unavailable)
rNeg     . . .     Faith    .   O - +2 robe {rC+}
rPois    .         Spirit   .   G - +1 helmet
rElec    .         Reflect  .   S - +0 cloak
rCorr    .         Harm     .   A - +2 pair of gloves {Dex+3}
MR       +....                  K - +1 pair of boots
Stlth    ..........             L - amulet of regeneration
HPRegen  1.66/turn              u - ring of Mots {MP+9 Str+4 Dex+2}
MPRegen  0.24/turn              Z - ring of protection from fire

@: regenerating, drained
A: no stealth, inability to use devices, hated by all, inability to train armour
a: Draw Out Power, Power Leap, Apocalypse, Renounce Religion


You were on level 3 of the Spider Nest.
You worshipped Ru.
Ru was extremely pleased with you.
You were not hungry.

You visited 6 branches of the dungeon, and saw 28 of its levels.
You also visited: Labyrinth, Sewer and Bailey.

You collected 2921 gold pieces.
You spent 313 gold pieces at shops.

Inventory:

Hand Weapons
 b - a +5 blowgun
 W - a +9 triple sword of slicing (weapon)
Missiles
 z - 10 curare-tipped needles
 E - 109 poisoned needles
 H - 5 needles of confusion
 I - 13 throwing nets (quivered)
Armour
 c - the +2 robe "Vuixtack" {MR+ Dex+4}
   (You found it on level 1 of the Orcish Mines)

   It affects your dexterity (+4).
   It affects your resistance to hostile enchantments.
 A - a +2 pair of gloves of dexterity (worn)
 G - a +1 helmet (worn)
 K - a +1 pair of boots (worn)
 O - a +2 robe of cold resistance (worn)
 S - a +0 cloak (worn)
Jewellery
 e - an uncursed ring of positive energy
 u - the ring of Mots (left hand) {MP+9 Str+4 Dex+2}
   (You found it in a labyrinth)

   [ring of magical power]

   It affects your strength (+4).
   It affects your dexterity (+2).
   It affects your magic capacity (+9).
 x - an uncursed ring of wizardry
 y - a +4 ring of intelligence
 B - an uncursed amulet of magic regeneration
 J - an uncursed ring of protection from magic
 L - an amulet of regeneration (around neck)
 R - an uncursed ring of see invisible
 Z - a ring of protection from fire (right hand)
Scrolls
 g - 6 scrolls of remove curse
 k - 4 scrolls of identify
 m - 4 scrolls of fog
 p - 4 scrolls of fear
 r - a scroll of amnesia
 v - 4 scrolls of teleportation
 C - a scroll of enchant weapon
 M - 3 scrolls of magic mapping
 T - a scroll of enchant armour
 V - 2 scrolls of blinking
 X - a scroll of immolation
Potions
 d - 2 potions of might
 i - 3 potions of flight
 j - 2 potions of magic
 n - 9 potions of curing
 o - 3 potions of heal wounds
 s - 3 potions of mutation
 D - a potion of invisibility
 F - 4 potions of agility
 N - a potion of ambrosia
 Q - a potion of berserk rage
 Y - 4 potions of brilliance
Books
 U - a book of Cantrips

   Spells                             Type                      Level
   a - Confusing Touch                Hexes                        1
   b - Animate Skeleton               Necromancy                   1
   c - Summon Small Mammal            Summoning                    1
   d - Apportation                    Translocation                1
Comestibles
 f - 12 bread rations
 q - 6 meat rations
 t - 21 royal jellies
 w - 4 chunks of flesh
 P - 13 fruits


   Skills:
 - Level 10.3(9.5) Fighting
 - Level 20.0(18.9) Long Blades
 + Level 14.6(13.7) Dodging
   Level 2.5(1.8) Shields
 - Level 5.0(4.2) Spellcasting
 - Level 4.0(3.3) Charms
 - Level 10.0(9.1) Necromancy
 - Level 4.0(3.2) Translocations


You had 20 spell levels left.
You knew the following spells:

 Your Spells              Type           Power        Failure   Level  Hunger
e - Regeneration          Chrm/Necr      ###.......   3%          3    ###....
l - Blink                 Tloc           N/A          6%          2    ##.....


Dungeon Overview and Level Annotations

Branches:
Dungeon (15/15)            Temple (1/1) D:4            Lair (6/6) D:10
 Shoals (0/4) Lair:3       Spider (3/4) Lair:3        Slime (1/5) Lair:5
    Orc (2/2) D:12            Elf (0/3) Orc:2        Vaults (0/5) D:13
 Depths (0/5) D:15

Altars:
Ashenzari
Cheibriados
Dithmenos
Elyvilon
Fedhas
Gozag
Kikubaaqudgha
Makhleb
Nemelex Xobeh
Okawaru
Ru
Sif Muna
Vehumet
Wu Jian
Xom
Yredelemnul
The Shining One
Beogh

Shops:
D:7 ?   D:9 (   Orc:1 (   Orc:2 [:%!%

Portals:
Hell: Lair:6

Annotations:
D:3 exclusion: downstairs
Lair:5 exclusions: downstairs and 2 oklob plants
Spider:2 Asterion


Innate Abilities, Weirdness & Mutations

You cannot be stealthy.
You cannot study or use magical devices.
You are hated by all.
You cannot train Armour skill.


Message History

You kill the jumping spider!
You feel sick.
Casting: Regeneration
Confirm with . or Enter, or press ? or * to list all spells.
Your skin crawls.
You start resting.
Eating one of 5 chunks of flesh.
You eat one of the 5 chunks of flesh.
This raw flesh tastes terrible.
You feel sick. x2
You are no longer poisoned.
An orb spider comes into view.
Casting: Regeneration
Confirm with . or Enter, or press ? or * to list all spells.
Your skin crawls.
The orb spider hisses angrily.
The orb spider spins a strand of pure energy.
The orb spider weaves a glowing orb of energy.
An orb of destruction comes into view.
The orb of destruction hits you!
Ouch! That really hurt!
You die...

,,,,,,.............).#
,,,,,,.......#.|.....#
,,,,,,.........†....#*
,**,,,....<....†..###
***,,,........).††.#
*≈**,,.>...##..#†.†#
≈***,,...........††#
≈≈**,,.........§..###
≈≈**,,.......§*#@#..#
≈≈**,,......s.......#
≈***,,..............#
≈≈*,,,..##..........####
≈≈**,,......#..........#
≈***,,,................#
≈**,,,.##.....#.......##
≈***,,,.....#......<...#*
≈* *,,,.....#.......##..#


You could see an orb spider.

Vanquished Creatures
  Arachne (Spider:3)
  The ghost of Ijustatesigmund the Brawler, an adept TrMo of Wu Jian (D:15)
  3 emperor scorpions (Spider:2)
  A stone giant (Orc:1)
  An entropy weaver (Spider:1)
  Nessos (D:14)
  A minotaur (Lab)
  A fire dragon (D:15)
  Harold (Lair:3)
  A rakshasa (D:15)
  9 hydras
  4 vault guards (D:13)
  2 two-headed ogres
  An ogre mage (D:13)
  A death knight (D:14)
  A death yak (Lair:5)
  A tengu warrior (D:15)
  2 orc high priests (Orc:2)
  A sun demon (Lair:6)
  Sonja (Orc:2)
  2 wizards
  An unseen horror (shapeshifter) (D:13)
  Pikel (D:5)
  4 unseen horrors
  5 orc knights
  A wolf spider zombie (D:14)
  3 deep elf magi
  12 wolf spiders
  2 orb spiders
  A phantasmal warrior (D:15)
  9 ugly things
  7 orc sorcerers
  A manticore (D:14)
  5 cyclopes
  10 black mambas
  6 elephants
  2 orange demons (Lair:6)
  8 torpor snails
  10 spiny frogs
  6 gargoyles
  6 rime drakes
  3 yaktaurs
  A hellwing (Lair:6)
  2 tengu conjurers (D:15)
  5 demonic crawlers
  An ice devil (Lair:6)
  9 komodo dragons
  A red devil (Lair:6)
  2 polar bears
  3 freezing wraiths
  2 queen bees
  21 jumping spiders
  11 trolls
  2 hornets
  6 meliai
  13 blink frogs
  Prince Ribbit (D:6)
  13 slime creatures
  Grinder (D:6)
  A meliai zombie (D:12)
  6 dream sheep (Lair:5)
  13 hippogriffs
  2 wraiths
  A vampire (D:13)
  A centaur simulacrum (D:15)
  59 yaks
  A shadow (D:15)
  17 tarantellas
  8 wyverns
  27 redbacks
  A fire elemental (D:12)
  Eustachio (D:5)
  2 basilisks
  A steam dragon (D:13)
  4 vampire mosquitoes (D:12)
  4 hungry ghosts (Lab)
  Edmund (D:6)
  2 wargs (Orc:1)
  An acid dragon (D:13)
  4 hell hounds (Lair:6)
  A soldier ant (D:13)
  18 water moccasins
  7 porcupines
  Duvessa (D:5)
  31 orc warriors
  2 eyes of draining
  2 hornet zombies
  5 sky beasts
  A slave (D:5)
  7 ice beasts
  5 phantoms
  13 ogres
  18 centaurs
  28 wolves
  19 crocodiles
  5 big kobolds
  18 bullfrogs
  Blork the orc (D:4)
  A wyvern zombie (D:13)
  6 gnoll sergeants (Bailey)
  Dowan (D:5)
  7 scorpions
  4 wights (D:12)
  64 killer bees
  7 howler monkeys
  2 vampire bats (Lair:4)
  3 electric eels
  6 crimson imps
  5 centaur zombies
  3 quasits
  2 bullfrog zombies
  10 hounds
  17 jellies
  5 centaur skeletons
  18 orc priests
  6 gnoll shamans (Bailey)
  27 orc wizards
  A bullfrog skeleton (D:6)
  An iron imp (Orc:1)
  Terence (D:3)
  11 worker ants
  A killer bee zombie (D:7)
  2 hound zombies
  2 worker ant zombies
  20 gnolls
  A howler monkey skeleton (D:4)
  21 adders
  4 shadow imps
  A white imp (Orc:1)
  5 oozes
  2 adder skeletons
  An adder zombie (D:7)
  4 worms
  7 leopard geckos
  103 orcs
  8 giant cockroaches
  4 goblins
  7 hobgoblins
  2 jackals (D:7)
  20 kobolds
  4 quokkas
  5 ball pythons
  18 bats
  2 frilled lizards
  3 giant cockroach zombies
  A jackal skeleton (D:6)
  A leopard gecko skeleton (D:3)
  6 rats
  5 fungi (Lair:4)
  3 plants
1044 creatures vanquished.

Vanquished Creatures (others)
  A vault guard (D:13)
  3 hydras
  A centaur warrior (D:14)
  A death knight (D:14)
  2 tengu warriors
  An orc high priest (Orc:2)
  A wolf spider zombie (D:14)
  A phantasmal warrior (D:15)
  An orc knight (Orc:1)
  A wolf spider (Spider:3)
  2 cyclopes
  An ugly thing (D:14)
  A centaur zombie (D:13)
  A black mamba (Lair:6)
  A troll (Orc:1)
  2 slime creatures
  A redback (Spider:2)
  2 yaks
  A wyvern (D:15)
  A hungry ghost (D:13)
  A swamp drake (Orc:1)
  An orc warrior (D:14)
  An ogre (D:14)
  A slave (D:5)
  A wolf (Lair:1)
  A crocodile (Lair:6)
  A bullfrog (Lair:3)
  2 gnoll sergeants (Bailey)
  2 orc priests (Orc:2)
  3 orc wizards
  3 orcs (Orc:1)
  17 fungi
  9 plants
69 creatures vanquished.

Grand Total: 1113 creatures vanquished

Notes
Turn   | Place    | Note
-------+----------+-------------------------------------------
     0 | D:1      | removed the Deep Elf Fighter began the quest for the Orb.
     0 | D:1      | Reached XP level 1. HP: 13/13 MP: 3/3
    67 | D:1      | Reached skill level 2 in Long Blades
   348 | D:1      | Reached XP level 2. HP: 18/18 MP: 4/4
   855 | D:2      | Reached skill level 3 in Long Blades
   964 | D:2      | Reached XP level 3. HP: 22/22 MP: 5/5
  1355 | D:3      | Noticed Terence
  1426 | D:3      | Reached skill level 4 in Long Blades
  1426 | D:3      | Reached XP level 4. HP: 18/27 MP: 6/6
  1650 | D:3      | Reached skill level 5 in Long Blades
  1650 | D:3      | Reached XP level 5. HP: 30/31 MP: 7/7
  1697 | D:3      | Reached skill level 1 in Dodging
  1823 | D:3      | Found a glowing drain.
  1859 | Sewer    | Entered a sewer
  1894 | Sewer    | Reached XP level 6. HP: 25/36 MP: 8/8
  2062 | Sewer    | Reached skill level 6 in Long Blades
  2431 | D:3      | Killed Terence
  2431 | D:3      | Reached XP level 7. HP: 40/40 MP: 9/9
  2779 | D:4      | Found a staircase to the Ecumenical Temple.
  2788 | Temple   | Entered the Ecumenical Temple
  2812 | Temple   | Became a worshipper of Ru the Awakened
  3298 | D:4      | Reached skill level 7 in Long Blades
  3346 | D:4      | Noticed Blork the orc
  3810 | D:4      | Killed Blork the orc
  3921 | D:4      | Noticed a two-headed ogre
  4346 | D:5      | Entered Level 5 of the Dungeon
  4479 | D:5      | Noticed Pikel
  4617 | D:5      | Found a blossoming altar of Fedhas.
  4617 | D:5      | Noticed Eustachio
  4651 | D:5      | Noticed Dowan
  4818 | D:6      | Reached XP level 8. HP: 48/48 MP: 10/10
  4939 | D:6      | Noticed Prince Ribbit
  4958 | D:6      | Killed Prince Ribbit
  5254 | D:6      | Reached skill level 8 in Long Blades
  5645 | D:6      | Found a basalt altar of Yredelemnul.
  5646 | D:6      | Noticed a troll
  5660 | D:6      | Killed a troll
  5660 | D:6      | Reached skill level 9 in Long Blades
  5871 | D:6      | Reached XP level 9. HP: 24/52 MP: 11/11
  6059 | D:6      | Noticed Edmund
  6075 | D:6      | Killed Edmund
  6147 | D:6      | Reached skill level 10 in Long Blades
  6206 | D:6      | Noticed Grinder
  6210 | D:6      | Paralysed by Grinder for 6 turns
  6216 | D:6      | HP: 1/52 [Grinder (5)]
  6376 | D:5      | Noticed Duvessa
  6387 | D:5      | Killed Duvessa
  6536 | D:5      | Killed Pikel
  6536 | D:5      | Reached skill level 11 in Long Blades
  6652 | D:5      | Killed Dowan
  6736 | D:5      | Killed Eustachio
  7126 | D:6      | Killed Grinder
  7244 | D:6      | Found a shadowy altar of Dithmenos.
  7480 | D:6      | Reached skill level 5 in Dodging
  7766 | D:6      | Reached XP level 10. HP: 56/58 MP: 12/12
  7809 | D:7      | Found Bihetzi's Magic Scroll Shop.
  8606 | D:8      | Found a glowing golden altar of the Shining One.
  8607 | D:8      | Found a sparkling altar of Nemelex Xobeh.
  8669 | D:8      | Reached skill level 5 in Fighting
 10392 | D:9      | Found Liugiulo's Weapon Shop.
 10486 | D:9      | Gained mutation: You cannot train Armour skill. [Ru sacrifice]
 10486 | D:9      | Reached * piety under Ru
 10511 | D:10     | Entered Level 10 of the Dungeon
 10956 | D:10     | Reached skill level 10 in Dodging
 11570 | D:10     | Reached XP level 11. HP: 64/64 MP: 13/13
 11583 | D:10     | Found a staircase to the Lair.
 11635 | D:10     | Reached skill level 12 in Long Blades
 12423 | D:10     | Killed an unseen horror
 12838 | D:11     | You fall through a shaft!
 12909 | D:12     | Noticed an eight-headed hydra
 13377 | D:11     | Noticed a purple ugly thing
 13385 | D:11     | Killed a purple ugly thing
 14083 | D:10     | Gained mutation: You are hated by all. [Ru sacrifice]
 14083 | D:10     | Reached ** piety under Ru
 14083 | D:10     | Reached *** piety under Ru
 14443 | D:11     | Killed an unseen horror
 14601 | D:11     | Reached XP level 12. HP: 64/76 MP: 14/14
 14660 | Lair:1   | Entered Level 1 of the Lair of Beasts
 15538 | Lair:1   | Reached skill level 10 in Fighting
 16376 | Lair:1   | Noticed a four-headed hydra
 16383 | Lair:1   | Killed a four-headed hydra
 16876 | Lair:2   | Gained mutation: You cannot study or use magical devices. [Ru sacrifice]
 16876 | Lair:2   | Reached **** piety under Ru
 16876 | Lair:2   | Reached ***** piety under Ru
 16998 | Lair:2   | Reached skill level 13 in Long Blades
 17107 | Lair:2   | Learned a level 2 spell: Blink
 17306 | Lair:2   | Reached skill level 1 in Spellcasting
 17306 | Lair:2   | Reached skill level 1 in Translocations
 18043 | Lair:3   | Noticed Harold
 18062 | Lair:3   | Killed Harold
 18267 | Lair:3   | Reached skill level 5 in Spellcasting
 18272 | Lair:3   | Learned a level 3 spell: Regeneration
 18359 | Lair:3   | Reached skill level 1 in Charms
 18402 | Lair:3   | Found a staircase to the Shoals.
 18438 | Lair:3   | Reached skill level 1 in Necromancy
 18849 | Lair:3   | Reached XP level 13. HP: 67/83 MP: 22/22
 18915 | Lair:3   | Found a hole to the Spider Nest.
 19512 | Lair:3   | Reached skill level 5 in Necromancy
 20843 | Lair:4   | Got a fine shield
 21327 | Lair:4   | Identified the +4 shield "Qoexium" {*Slow Regen+ SInv Stlth+} (You found it on level 4 of the Lair of Beasts)
 21428 | Lair:5   | Found a labyrinth entrance.
 21455 | Lab      | Entered a labyrinth
 24297 | Lab      | Noticed a minotaur
 24339 | Lab      | Killed a minotaur
 24384 | Lab      | Identified Ryfyu's Collected Works on the Earthen Voyage
 24385 | Lab      | Got a wavering iron ring
 24392 | Lab      | Identified the ring of Mots {MP+9 Str+4 Dex+2} (You found it in a labyrinth)
 24871 | Lair:4   | Reached skill level 14 in Long Blades
 25898 | Lair:5   | Found a staircase to the Slime Pits.
 26770 | Lair:5   | Reached skill level 15 in Long Blades
 26913 | Lair:5   | Reached XP level 14. HP: 84/88 MP: 23/23
 27499 | Lair:6   | Entered Level 6 of the Lair of Beasts
 28662 | Lair:6   | Found a snail-covered altar of Cheibriados.
 28677 | Lair:6   | Gained mutation: You cannot be stealthy. [Ru sacrifice]
 28850 | Lair:6   | Upgraded the game from 0.21-a0-104-g7b58145 to 0.21-a0-110-g8e1637b
 29289 | Lair:6   | Reached skill level 16 in Long Blades
 30047 | Slime:1  | Entered Level 1 of the Pits of Slime
 30371 | Lair:6   | Found a burning altar of Makhleb.
 30654 | Lair:6   | Reached skill level 10 in Necromancy
 31158 | Lair:6   | Found a gateway to Hell.
 31405 | D:12     | HP: 1/88 [ten-headed hydra (11)]
 32004 | D:12     | Found a staircase to the Orcish Mines.
 32565 | Orc:1    | Entered Level 1 of the Orcish Mines
 32610 | Orc:1    | Found Panta's Antique Weapon Boutique.
 32745 | Orc:1    | Noticed a stone giant
 32756 | Orc:1    | Killed a stone giant
 33053 | Orc:1    | Found a roughly hewn altar of Beogh.
 33162 | Orc:1    | Got a shadowed robe
 33173 | Orc:1    | Identified the +2 robe "Vuixtack" {MR+ Dex+4} (You found it on level 1 of the Orcish Mines)
 33648 | Orc:2    | Entered Level 2 of the Orcish Mines
 33673 | Orc:2    | Found Zodghuh's Food Shoppe.
 33819 | Orc:2    | Noticed Sonja
 33931 | Orc:2    | Reached XP level 15. HP: 92/92 MP: 24/24
 33939 | Orc:2    | Killed Sonja
 34308 | Orc:2    | Found a staircase to the Elven Halls.
 34339 | Orc:2    | Reached skill level 17 in Long Blades
 35665 | Orc:2    | Found Echer's Distillery.
 35665 | Orc:2    | Found Rusone's Antique Armour Boutique.
 35667 | Orc:2    | Found Sijam's Food Emporium.
 35667 | Orc:2    | Found Pump's Book Boutique.
 35680 | Orc:2    | Bought a pair of embroidered gloves for 210 gold pieces
 36040 | Orc:2    | Bought a runed robe for 103 gold pieces
 36414 | D:13     | Found a flagged portal.
 36423 | Bailey   | Entered a bailey
 37501 | D:13     | Reached skill level 18 in Long Blades
 38066 | D:13     | HP: 1/92 [vault guard/halberd (17)]
 38237 | D:13     | Found a gate to the Vaults.
 38651 | D:14     | Noticed Nessos
 38659 | D:14     | Killed Nessos
 38739 | D:14     | Found a shattered altar of Ashenzari.
 39093 | D:14     | Found a roughly hewn altar of Beogh.
 39382 | D:14     | Reached skill level 19 in Long Blades
 39495 | D:15     | Entered Level 15 of the Dungeon
 39611 | D:15     | Reached XP level 16. HP: 83/98 MP: 25/25
 39751 | D:15     | Noticed Ijustatesigmund's ghost (adept TrMo)
 40128 | D:15     | Found a glowing golden altar of the Shining One.
 40410 | D:15     | Killed Ijustatesigmund's ghost
 40731 | D:15     | Got an ichor-stained rapier {drain}
 40807 | D:15     | Found a staircase to the Depths.
 41145 | Spider:1 | Entered Level 1 of the Spider Nest
 42006 | Spider:1 | Reached skill level 20 in Long Blades
 42678 | Spider:2 | Noticed Asterion
 42793 | Spider:3 | Noticed Arachne
 42803 | Spider:3 | Killed Arachne
 43008 | Spider:3 | Blown up by an orb spider

Vault maps used:
D:1:      roderic_crossed_star, hangedman_decor_growths
D:2:      first_bread, minmay_nonomino_d4
D:3:      cheibrodos_sewer_entry_bend, serial_undead, serial_undead_c,
          serial_undead_c, serial_undead_b, serial_undead_f, uniq_terence
D:4:      minmay_temple_entry_statues_fountains, uniq_blork_the_orc
D:5:      minmay_item_behind_shaft, fedhas_bush_and_centaur_altar, uniq_duvessa,
          uniq_eustachio, uniq_pikel
D:6:      lemuel_coloured_pillars_altar, old_standard_altar, uniq_grinder,
          uniq_prince_ribbit1, uniq_edmund
D:7:      serial_shops, nicolae_shop_statue_plus
D:8:      gammafunk_temple_overflow_pools
D:9:      serial_shops, kennysheep_mini_moat, hangedman_little_slice_of_home
D:10:     lair_entry_dummy, st_stairs_10
D:12:     orc_david_3
D:13:     grunt_vaults_entry_fortified, enter_bailey_2,
          hangedman_abyss_or_decor_lesser_grid, grunt_ministairs_14,
          kennysheep_island_fort
D:14:     nicolae_ashenzari_panopticon, uniq_nessos
D:15:     grunt_enter_depths_hoard, nicolae_tso_swordbearing_angel
Temple:   hc_temple_tempest_star
Lair:1:   minivault_25, beast_lair_carwin_11
Lair:3:   elwin_shoals_entry_rocks, spider_nest_entry_funnel_web,
          grunt_megastairs_5, lemuel_fruit_tree, uniq_harold
Lair:4:   roderic_batcave, minivault_24, kennysheep_catoblepas_arena,
          infiniplex_staircase_pool_2
Lair:5:   regret_index_tunnel_blossom, minmay_slime_entry_jelly_boxes,
          lab_entry_generic, dpeg_oklob_1, serial_bayou_shore_b,
          serial_bayou_shore_b
Lair:6:   evil_forest, kennysheep_snail_temple, infiniplex_staircase_pool
Spider:2: uniq_asterion
Spider:3: portal_ice_cave_entry_ice_statue_one, nicolae_spider_cling_ruins,
          nicolae_spider_cling_halls, uniq_arachne
Orc:1:    basic_altar, serial_shops, shop, hangedman_minor_magic
Orc:2:    grunt_orc_tribal_feast, serial_shops, shop, uniq_sonja
Lab:      nicolae_lab_x
Sewer:    kennysheep_pipe_town
Bailey:   bailey_polearm_gnolls_kennysheep, bailey

Skill      XL: |  1  2  3  4  5  6  7  8  9 10 11 12 13 14 15 16 |
---------------+-------------------------------------------------+-----
Long Blades    | 2 3 4 5 6 7 9 11 12 13 15 16 19 20 | 20.0
Dodging        | 3 4 6 10 12 14 | 14.6
Fighting       | 4 6 9 10 | 10.3
Armour         | 0 |  0.0
Spellcasting   | 5 |  5.0
Translocations | 4 |  4.0
Charms         | 3 4 |  4.0
Necromancy     | 2 7 10 | 10.0
Shields        | |  2.5

Action                   |  1- 3 |  4- 6 |  7- 9 | 10-12 | 13-15 | 16-18 || total
-------------------------+-------+-------+-------+-------+-------+-------++-------
Melee: Long sword        |    21 |       |    14 |    13 |       |       ||    48
       Dagger            |    57 |   111 |   380 |  1269 |  1312 |       ||  3129
       Triple sword      |       |       |       |       |   624 |   308 ||   932
 Fire: Blowgun           |       |     1 |    60 |    32 |     1 |       ||    94
 Cast: Regeneration      |       |       |       |     2 |   206 |    68 ||   276
Invok: Reject Sacrifices |       |       |     1 |       |     3 |       ||     4
       Sacrifice Durabil |       |       |       |     1 |       |       ||     1
       Sacrifice Love    |       |       |       |     1 |       |       ||     1
       Sacrifice Artific |       |       |       |     1 |       |       ||     1
       Apocalypse        |       |       |       |       |    10 |     4 ||    14
       Sacrifice Stealth |       |       |       |       |     1 |       ||     1
Evoke: Wand              |       |       |     4 |    16 |       |       ||    20
  Use: Potion            |       |       |    14 |       |    11 |     2 ||    27
       Scroll            |       |       |    15 |     9 |    23 |     6 ||    53
 Stab: Sleeping          |       |       |     3 |    17 |     3 |       ||    23
       Invisible         |       |       |     1 |       |    23 |     8 ||    32
       Confused          |       |       |       |     2 |     1 |       ||     3
       Distracted        |       |       |       |     2 |     7 |     2 ||    11
       Paralysed         |       |       |       |       |    10 |    11 ||    21
       Held in net/web   |       |       |       |       |       |     1 ||     1
  Eat: Chunk             |     2 |     3 |    17 |    31 |    58 |    18 ||   129
       Royal jelly       |       |       |       |     2 |     7 |     1 ||    10
       Fruit             |       |       |       |     1 |       |       ||     1
       Bread ration      |       |       |       |       |     5 |       ||     5
Armor: Scale mail        |    36 |    49 |    75 |       |       |       ||   160
       Robe              |       |       |       |    99 |   175 |    74 ||   348
       Skin              |       |       |       |       |    32 |       ||    32
Dodge: Dodged            |    26 |    50 |   135 |   583 |  1298 |   453 ||  2545
Block: Shield            |    17 |       |       |       |       |       ||    17
       Buckler           |     3 |    34 |    68 |   265 |   286 |       ||   656
       Reflection        |       |       |     1 |     1 |     5 |       ||     7
       Other             |       |       |       |       |    30 |       ||    30
       Rpst.: Long sword |     2 |       |     1 |     1 |       |       ||     4
       Triple sword      |       |       |       |       |   132 |    86 ||   218
